[Event "Late-Titled-Tuesday-Blitz-April-23-2024"]
[Site "Chess.com"]
[Date "2024.04.23"]
[Round "5"]
[White "Shankland"]
[Black "CaspiIsrael"]
[Result "1-0"]
[WhiteElo "3054"]
[BlackElo "2706"]
[TimeControl "180+1"]
[EndTime "14:57:01 PDT"]
[Termination "Shankland won by resignation"]

1. e4 e6 2. d4 d5 3. Nd2 c5 4. Ngf3 cxd4 5. exd5 Qxd5 6. Bc4 Qd6 7. O-O Nc6 8. Nb3 Nf6 9. Nbxd4 Nxd4 10. Nxd4 Be7 11. Re1 O-O 12. b3 b6 13. a4 Bb7 14.
Ba3 Qc7 15. Bxe7 Qxe7 16. Nxe6 Rfe8 17. Ng5 Qxe1+ 18. Qxe1 Rxe1+ 19. Rxe1 Bd5 20. Bd3 h6 21. Nh3 g5 22. f3 Rd8 23. Nf2 Kf8 24. Kf1 a5 25.
Ke2 Nh5 26. Kf1 Nf4 27. Re3 Rc8 28. c4 Be6 29. g3 Nh5 30. Ne4 Rd8 31. Ke2 Ng7 32.
Nc3 Ne8 33. Re5 Nc7 34. Ke3 f6 35. Re4 Bf5 36. Rd4 Re8+ 37. Kd2 Ne6 38. Rd6 Bxd3 39. Kxd3 Nc5+ 40. Kc2 Re3 41. Rxf6+ Kg7 42. Rf5 Kg6 43. g4 h5 44. h3 h4 45. Nd5 Rxb3 46.
Ne7+ Kh6 47. Rxc5 Rxf3 48. Rc6+ Kh7 49. Nf5 Rxh3 50. Rh6+ Kg8 51. Rg6+ Kf7 52. Rxg5 Ra3 53. Rh5 h3 54. Rh6 Rxa4 55. Kb3 Rb4+ 56. Kc3 Rb1 57. Rxh3 Rc1+ 58. Kd4 Rg1 59. Ke5 Re1+ 60. Re3 Rc1 61. Rb3 Kf8 62. Rxb6 Rxc4 63. Rb8+ Kf7 64. Nd6+ 1-0

[Event "Late-Titled-Tuesday-Blitz-April-23-2024"]
[Site "Chess.com"]
[Date "2024.04.23"]
[Round "5"]
[White "Chessdude1987"]
[Black "shirovin"]
[Result "0-1"]
[WhiteElo "2354"]
[BlackElo "2096"]
[TimeControl "180+1"]
[EndTime "14:57:01 PDT"]
[Termination "shirovin won on time"]

1. e4 Nf6 2. e5 Nd5 3. c4 Nb6 4. c5 Nd5 5. d4 d6 6. cxd6 cxd6 7. exd6 e6 8. Nf3 Bxd6 9. Bd3 Nc6 10. O-O Nf6 11. Nc3 O-O 12. Bg5 Be7 13. a3 b6 14. Bc2 Bb7 15. Qd3 g6 16. Rfe1 Rc8 17. Rad1 Nd5 18. Bh6 Re8 19. Ne4 Ncb4 20. axb4 Nxb4 21.
Qb3 Nxc2 22. Re2 Nb4 23. Nc5 bxc5 24. dxc5 Qa5 25. Ne5 Bxc5 26. Nc4 Qc7 27. Qc3 f5 28. Qf6 Qf7 29. Qg5 Be7 30. Qg3 Nd5 31. Ne5 Qf6 32.
Nd7 Qh4 33. Qxh4 Bxh4 34. g3 Bd8 35. Ne5 Bc7 36. Nf3 Nb4 37. Ng5 Rcd8 38. Rde1 e5 39. f3 Nd3 40. Rb1 Bb6+ 41. Kf1 e4 42. fxe4 fxe4 43. Kg2 Rf8 44. Kh3 e3 45. g4 Ne5 0-1

[Event "Late-Titled-Tuesday-Blitz-April-23-2024"]
[Site "Chess.com"]
[Date "2024.04.23"]
[Round "5"]
[White "enriquetejedor"]
[Black "sergoy"]
[Result "0-1"]
[WhiteElo "2742"]
[BlackElo "2942"]
[TimeControl "180+1"]
[EndTime "14:57:02 PDT"]
[Termination "sergoy won on time"]

1. c4 e5 2. Nc3 Nf6 3. Nf3 Nc6 4.
e3 Bb4 5. Qc2 Bxc3 6. Qxc3 Qe7 7. d3 d5 8. cxd5 Nxd5 9. Qc2 O-O 10. Be2 Be6 11. O-O Rad8 12. a3 a5 13. b3 f6 14. Bb2 Bf7 15. d4 e4 16. Nd2 f5 17.
g3 h5 18. Rfc1 h4 19. Qc5 Qg5 20. Nf1 Rd6 21. b4 hxg3 22. Nxg3 f4 23. exf4 Qxf4 24. b5 Nce7 25. Rf1 Rh6 26. Bc1 e3 27. fxe3 Qh4 28. Rf2 Be6 29. Rg2 Bh3 30. e4 Nf4 31. Bxf4 Qxf4 32. Rf1 Qe3+ 33. Kh1 Rxf1+ 34. Bxf1 Bxg2+ 35. Kxg2 Ng6 36. Bc4+ Kh8 37. Qxc7 Nh4+ 38. Kf1 Rf6+ 39. Nf5 Nxf5 40. Qc8+ Kh7 41. exf5 Qxd4 42. Qg8+ Kh6 43.
Qh8+ Kg5 44. Qxg7+ Kxf5 45. Be2 Ke4+ 46. Ke1 Qc3+ 47.
Kd1 Rd6+ 48. Bd3+ Rxd3+ 0-1

[Event "Late-Titled-Tuesday-Blitz-April-23-2024"]
[Site "Chess.com"]
[Date "2024.04.23"]
[Round "5"]
[White "ATM622"]
[Black "BardArtem"]
[Result "0-1"]
[WhiteElo "2510"]
[BlackElo "2811"]
[TimeControl "180+1"]
[EndTime "14:57:02 PDT"]
[Termination "BardArtem won by checkmate"]

1. d4 d5 2. c4 e6 3. Nf3 Nf6 4. g3 dxc4 5. Bg2 c6 6. O-O Nbd7 7. a4 a5 8. Qc2 Nd5 9. Qxc4 Be7 10. Nc3 Nb4 11. e4 O-O 12. Rd1 b6 13. Bf1 Ba6 14. Qb3 Bxf1 15. Kxf1 c5 16. Be3 cxd4 17. Bxd4 Qc8 18.
Nb5 Nc5 19. Bxc5 Bxc5 20. Rac1 Rd8 21. Rxd8+ Qxd8 22. Rd1 Qf6 23. e5 Qf5 24. Kg2 h6 25. Nd6 Bxd6 26. exd6 Rd8 27. Nd4 Qe4+ 28. Qf3 Qxf3+ 29.
Nxf3 Nd5 30. Rc1 Rxd6 31. Rc8+ Kh7 32. Ne5 f6 33. Nf7 Rd7 34. Nd8 e5 35. h4 Ne7 36.
Rb8 Rd2 37. h5 g5 38. Ne6 Rd6 39. Nf8+ Kg7 40. Kf3 f5 41. g4 e4+ 42. Ke3 Rd3+ 43. Ke2 f4 44. Ne6+ Kf6 45. Rxb6 Nd5 46. Rc6 f3+ 47.
Ke1 Ke5 48. Ng7 Nf4 49. Ne8 Ng2+ 50. Kf1 Rd1# 0-1

[Event "Late-Titled-Tuesday-Blitz-April-23-2024"]
[Site "Chess.com"]
[Date "2024.04.23"]
[Round "5"]
[White "AljoschaFeuerstack"]
[Black "Nimrod_Veinberg"]
[Result "1-0"]
[WhiteElo "2643"]
[BlackElo "2810"]
[TimeControl "180+1"]
[EndTime "14:57:05 PDT"]
[Termination "AljoschaFeuerstack won on time"]

1. e4 c5 2. Nf3 e6 3. d3 Nc6 4. g3 g6 5. Bg2 Bg7 6. O-O Nf6 7. Re1 d5 8. exd5 Nxd5 9. Nbd2 O-O 10. a4 b6 11. Nc4 Qc7 12. h4 Ba6 13. h5 Rad8 14. Qe2 Rfe8 15. c3 e5 16. hxg6 hxg6 17. Ng5 Nf6 18. Bf3 Bc8 19. Qf1 Bf5 20. Be2 e4 21.
dxe4 Nxe4 22. Nxe4 Bxe4 23. Ne3 Ne5 24. Qh3 Nf3+ 25.
Bxf3 Bxf3 26. g4 Qf4 27. Qg3 Qxg3+ 28. fxg3 Bxg4 29. Kf2 Be6 30. Ng2 Bc4 31. Bg5 Rxe1 32.
Rxe1 Rd5 33. Bf4 Rd8 34. Re7 a6 35. Rb7 b5 36. axb5 axb5 37. b3 Bxb3 38. Rxb5 c4 39. Ne3 Bxc3 40. Nd5 Bd4+ 41. Kf3 Kg7 42. Bg5 Bd1+ 43.
Ke4 f6 44. Rb7+ Kh8 45. Bxf6+ Bxf6 46. Rb1 Bc2+ 47. Kf4 Bxb1 48. Nxf6 1-0

[Event "Late-Titled-Tuesday-Blitz-April-23-2024"]
[Site "Chess.com"]
[Date "2024.04.23"]
[Round "5"]
[White "KNVB"]
[Black "mjelcic"]
[Result "0-1"]
[WhiteElo "2701"]
[BlackElo "2389"]
[TimeControl "180+1"]
[EndTime "14:57:05 PDT"]
[Termination "mjelcic won on time"]

1. d4 d5 2. Bf4 Nf6 3. e3 c5 4. c3 Nc6 5. Nd2 Bf5 6. Qb3 Qb6 7.
dxc5 Qxb3 8. axb3 e5 9. Bg3 Bxc5 10. b4 Bd6 11. Ngf3 Nd7 12. b5 Ne7 13. c4 O-O 14. cxd5 Nxd5 15. Bc4 N5b6 16. Be2 f6 17.
O-O Bb4 18. Nc4 Be6 19. b3 Nc5 20. Nxb6 axb6 21. Bc4 Kf7 22. h4 Ke7 23. Rab1 Ra3 24. Bxe6 Kxe6 25. h5 Rfa8 26. Nh4 Rxb3 27. Rxb3 Nxb3 28.
Rb1 Ra1 29. Rxa1 Nxa1 30. f4 Bc5 31. Kf2 Nc2 32. fxe5 Nxe3 33. exf6 gxf6 34. Kf3 Nd5 35. Be1 Nc7 36. g4 Nxb5 37. Nf5 Nd4+ 38. Nxd4+ Bxd4 39. Ke4 Bc5 40. Bd2 b5 41. Bc3 b4 42. Bb2 b5 43.
Kd3 Be7 44. Kc2 Kd5 45. Kb3 Ke4 46. Bc1 Kf3 47. g5 fxg5 48. Bb2 g4 49. Be5 g3 50. Bd4 g2 51. h6 Ke2 52. Ka2 Kf1 53. Kb3 g1=Q 54.
Bb2 Qg8+ 55. Kc2 Qc4+ 56. Kb1 Bg5 57. Ka1 Qb3 0-1

[Event "Late-Titled-Tuesday-Blitz-April-23-2024"]
[Site "Chess.com"]
[Date "2024.04.23"]
[Round "5"]
[White "PedroGil25"]
[Black "samidescalona2002"]
[Result "0-1"]
[WhiteElo "2496"]
[BlackElo "2757"]
[TimeControl "180+1"]
[EndTime "14:57:06 PDT"]
[Termination "samidescalona2002 won by resignation"]

1. c4 g6 2. Nf3 Bg7 3. g3 d6 4. d4 Nc6 5. Bg2 Bd7 6. O-O Qc8 7. Re1 Bh3 8. Bh1 h5 9. e4 h4 10. Nc3 hxg3 11. fxg3 Bg4 12. Be3 e5 13. d5 Nd4 14.
Rf1 Ne7 15. Qd2 Bxf3 16. Bxf3 c5 17. Bg2 O-O 18. Rf2 a6 19. Raf1 f6 20. a4 Rb8 21.
h4 Kh7 22. Kh2 Ng8 23. Bh3 Qc7 24. g4 Qe7 25. g5 b6 26. gxf6 Bxf6 27. Bg5 Bxg5 28.
hxg5 Kg7 29. Qe3 Rxf2+ 30. Rxf2 Rf8 31. Rxf8 Qxf8 32. Kg3 Qe7 33. Bg4 Qd8 34. Bd1 Ne7 35.
Bg4 Nef5+ 36. exf5 gxf5 37. Ne2 Nxe2+ 38. Qxe2 Qxg5 39. Kh3 fxg4+ 40. Qxg4 Qxg4+ 41. Kxg4 Kg6 42. Kf3 Kf5 43. Ke3 e4 44. Kd2 Kf4 45. Ke2 a5 46. b3 e3 47. Kd3 Kf3 48. b4 cxb4 49. c5 bxc5 0-1

[Event "Late-Titled-Tuesday-Blitz-April-23-2024"]
[Site "Chess.com"]
[Date "2024.04.23"]
[Round "5"]
[White "RealPerangel"]
[Black "Njal28"]
[Result "0-1"]
[WhiteElo "2704"]
[BlackElo "3023"]
[TimeControl "180+1"]
[EndTime "14:57:08 PDT"]
[Termination "Njal28 won by resignation"]

1. e4 c6 2. Nc3 d5 3. Nf3 Bg4 4. Be2 e6 5. O-O Nf6 6. e5 Nfd7 7. d4 c5 8. Bg5 Qb6 9. dxc5 Nxc5 10. Nd4 Bxe2 11.
Qxe2 Nc6 12. Be3 Nxd4 13. Bxd4 Qc6 14. Qg4 h5 15. Qg5 h4 16. h3 g6 17. Rad1 Be7 18.
Qe3 Rh5 19. Rfe1 Rc8 20. a3 a6 21. Qd2 b5 22. f3 Nd7 23. Qe3 Rb8 24. Rd2 Nb6 25.
Bxb6 Rxb6 26. Ne2 b4 27. Nd4 Qc7 28. axb4 Rxb4 29. c3 Rc4 30. f4 a5 31. b3 Rc5 32. Rd3 Kf8 33. Ra1 Kg7 34. Kh1 Rh8 35. Rf1 Rc8 36. Rf3 Qb8 37. g4 hxg3 38. Rxg3 Rh8 39. f5 exf5 40. Nxf5+ Kf8 41. Nxe7 d4 42. cxd4 Qb7+ 43. d5 Qxe7 44. Kg2 Rc2+ 45. Kf3 Rh5 46. Qd4 Rf5+ 47. Qf4 Rxf4+ 48. Kxf4 Rf2+ 49. Rgf3 Rxf3+ 50. Rxf3 Qh4+ 51. Ke3 Ke7 52. Rf4 Qxh3+ 53. Ke4 Qxb3 54. d6+ Kd7 55. Rf6 Qc4+ 56. Ke3 Qd5 57. Kf4 Qd4+ 58.
Kg5 Qxe5+ 59. Kh6 Qxf6 60. Kh7 g5 61. Kg8 g4 0-1

[Event "Late-Titled-Tuesday-Blitz-April-23-2024"]
[Site "Chess.com"]
[Date "2024.04.23"]
[Round "5"]
[White "Der_Balak_3Halak"]
[Black "Attacker_2006"]
[Result "1-0"]
[WhiteElo "2449"]
[BlackElo "2540"]
[TimeControl "180+1"]
[EndTime "14:57:12 PDT"]
[Termination "Der_Balak_3Halak won by checkmate"]

1. e4 e5 2. Nf3 Nc6 3. Bb5 a6 4. Bxc6 dxc6 5. h3 Bd6 6. O-O Ne7 7. c4 c5 8. Nc3 f6 9. d3 h5 10. Nd5 Nxd5 11. cxd5 g5 12. Nd2 Qe7 13. a4 g4 14.
h4 f5 15. g3 f4 16. Nc4 Bd7 17. Bd2 O-O-O 18. Rc1 Kb8 19. Qe1 Rdf8 20. b4 Bxa4 21. Nxd6 cxd6 22. bxc5 dxc5 23. Ba5 Bb5 24. Qc3 Rf6 25.
Qxc5 Qxc5 26. Rxc5 Bxd3 27. Bc7+ Ka7 28. Bxe5 Rhf8 29. Bxf6 Bxf1 30. Be7 Re8 31. d6 Bb5 32. Rxb5 axb5 33. d7 Rg8 34. d8=Q Rxd8 35. Bxd8 fxg3 36. fxg3 b4 37. Be7 b3 38. Ba3 Kb6 39. Bb2 Kc6 40. Kf2 Kc5 41. Ke3 Kc4 42. e5 Kd5 43. Kf4 b5 44. Kf5 Kc4 45. e6 Kd3 46. e7 Kc2 47.
Bf6 b4 48. e8=Q b2 49. Qe2+ Kb3 50. Qxb2+ Kc4 51. Be7 b3 52. Bf6 Kb4 53. Qc3+ Ka4 54. Be7 Kb5 55. Qxb3+ Kc6 56. Qc4+ Kd7 57. Qd5+ Ke8 58.
Qd8+ Kf7 59. Qf8# 1-0

[Event "Late-Titled-Tuesday-Blitz-April-23-2024"]
[Site "Chess.com"]
[Date "2024.04.23"]
[Round "5"]
[White "jaskol95"]
[Black "emeli_chess"]
[Result "0-1"]
[WhiteElo "2584"]
[BlackElo "2462"]
[TimeControl "180+1"]
[EndTime "14:57:13 PDT"]
[Termination "emeli_chess won by checkmate"]

1. e4 e5 2. Nc3 Nf6 3. d4 Nc6 4.
dxe5 Nxe5 5. f4 Nc6 6. e5 Ng8 7. Nf3 Bb4 8. Bc4 Nge7 9. O-O Bxc3 10. bxc3 d5 11. exd6 Qxd6 12. Qe2 O-O 13. a4 Be6 14. Bd3 Bf5 15. Ba3 Bxd3 16. cxd3 Qf6 17. Ne5 Rfe8 18. Rab1 b6 19. d4 Nd5 20. Qf3 Nxe5 21.
dxe5 Qc6 22. Rfd1 Qxa4 23. Ra1 c6 24. Bb4 Qb5 25. Qe4 Nf6 26. Qf5 Nd5 27. Ba3 Nxc3 28.
Rd7 Qc4 29. h4 Qe6 30. Qd3 Nd5 31. Rd6 Qg4 32. Rf1 Rad8 33. Qe4 Rxd6 34. Bxd6 g6 35. Rf3 h5 36. Kf2 Qxh4+ 37. Rg3 Qh1 38. Rxg6+ fxg6 39. Qxg6+ Kh8 40. Qh6+ Kg8 41. Qg6+ Kh8 42. Qxe8+ Kh7 43. Qf7+ Kh8 44. e6 Qh4+ 45. Ke2 Qg4+ 46. Kd3 Qd1+ 47. Ke4 Qe2+ 48. Kf5 Qg4+ 49. Ke5 Qe2+ 50. Kd4 Qe3+ 51. Kc4 Qc3# 0-1

[Event "Late-Titled-Tuesday-Blitz-April-23-2024"]
[Site "Chess.com"]
[Date "2024.04.23"]
[Round "5"]
[White "whiteglovethief"]
[Black "GoltsevDmitry2000"]
[Result "1-0"]
[WhiteElo "2588"]
[BlackElo "2752"]
[TimeControl "180+1"]
[EndTime "14:57:15 PDT"]
[Termination "whiteglovethief won by checkmate"]

1. d4 e6 2. e4 d5 3. Nd2 c5 4. Ngf3 Nf6 5. e5 Nfd7 6. Bd3 cxd4 7. O-O Nc6 8. Re1 Qc7 9. Qe2 a6 10. Nb3 Nb4 11. Nbxd4 Nxd3 12. cxd3 h6 13. Bf4 Qb6 14.
Be3 Qd8 15. Rac1 Nc5 16. Nf5 Nxd3 17. Nxg7+ Bxg7 18. Qxd3 O-O 19. Bc5 Re8 20. Bd6 Bd7 21.
Rc7 Bc6 22. Nd4 Rc8 23. Rxc8 Qxc8 24. Rc1 Qd8 25. Nxc6 bxc6 26. Qxa6 Qg5 27. Qxc6 Kh7 28. h4 Qd2 29. Qc2+ Qxc2 30. Rxc2 Ra8 31. b4 f6 32. f4 Ra4 33. b5 Rxf4 34. b6 fxe5 35. b7 e4 36. Bxf4 d4 37. b8=Q d3 38. Rd2 Kg6 39. Qb5 h5 40. Qg5+ Kf7 41. Be5 Bf8 42. Qxh5+ Ke7 43. Qg4 e3 44. Rxd3 e2 45. Kf2 e1=Q+ 46.
Kxe1 Kf7 47. Rf3+ Ke7 48. Rxf8 Kd7 49. Qxe6+ Kxe6 50. Re8+ Kd5 51. h5 Kc4 52. h6 Kd3 53.
h7 Kc2 54. h8=Q Kd3 55. Qh4 Kc2 56. Qd4 Kc1 57. Qc3+ Kb1 58. Rb8+ Kxa2 59. Qb3# 1-0

[Event "Late-Titled-Tuesday-Blitz-April-23-2024"]
[Site "Chess.com"]
[Date "2024.04.23"]
[Round "5"]
[White "WilsonPalencia21"]
[Black "BenchGM"]
[Result "1-0"]
[WhiteElo "2521"]
[BlackElo "2234"]
[TimeControl "180+1"]
[EndTime "14:57:15 PDT"]
[Termination "WilsonPalencia21 won by resignation"]

1. d4 Nf6 2. c4 e6 3. Nf3 d5 4.
Nc3 c5 5. cxd5 Nxd5 6. e4 Nxc3 7. bxc3 cxd4 8. cxd4 Bb4+ 9. Bd2 Bxd2+ 10. Qxd2 Nd7 11. Bb5 O-O 12. O-O Nf6 13. Rfe1 Bd7 14. Bd3 Bc6 15. Rad1 h6 16. Ne5 Ba4 17. Bc2 Bxc2 18. Qxc2 Rc8 19. Qb3 Qa5 20. Nf3 Rc3 21. Qxb7 Qxa2 22. Ra1 Qc2 23. Rxa7 Rb3 24. Qc7 Rc3 25. Qa5 Ng4 26. Rf1 Rfc8 27. h3 Nf6 28. e5 Nd5 29. Qa2 Qf5 30.
Ra8 Kh7 31. Rxc8 Rxc8 32. Qb1 Rc2 33. Rc1 Rxc1+ 34. Qxc1 Nf4 35. Qe3 g5 36. Kh2 Qb1 37.
Ng1 Qf1 38. Qf3 Qa1 39. g3 Ng6 40. Qxf7+ Kh8 41. Qxg6 Qxd4 42. Qxh6+ Kg8 43. Qxe6+ Kg7 44. Qf6+ Kh7 45. Qf5+ Kh6 46. Kg2 Qd5+ 47. Nf3 Kg7 48. Qxg5+ Kf8 49. Qf6+ Ke8 50. e6 Qc6 51. Qf7+ Kd8 52.
Qd7+ Qxd7 53. exd7 Kxd7 54. h4 1-0

[Event "Late-Titled-Tuesday-Blitz-April-23-2024"]
[Site "Chess.com"]
[Date "2024.04.23"]
[Round "5"]
[White "th3d4rkness"]
[Black "Indefatigable11"]
[Result "0-1"]
[WhiteElo "2137"]
[BlackElo "2405"]
[TimeControl "180+1"]
[EndTime "14:57:16 PDT"]
[Termination "Indefatigable11 won on time"]

1. e4 c5 2. Nf3 d6 3. Bb5+ Bd7 4.
Bxd7+ Qxd7 5. O-O Nf6 6. Re1 Nc6 7. h3 g6 8. c3 e5 9. d4 cxd4 10. cxd4 exd4 11. Nxd4 Bg7 12. Nb5 Rd8 13. Bf4 O-O 14.
Qxd6 Qxd6 15. Bxd6 Rfe8 16. e5 Nd7 17. Nc7 Bxe5 18.
Nxe8 Bxb2 19. Bc7 Rc8 20. Na3 Bxa1 21. Nb5 Bh8 22. Nbd6 Ra8 23. Nxb7 Nde5 24. Ned6 Bg7 25. f4 Nd3 26. Re8+ Rxe8 27. Nxe8 Bd4+ 28. Kh2 Kf8 29.
Ned6 Nxf4 30. Nxf7 Ne6 31. Nh6 Nxc7 32. Ng4 Ke7 33.
g3 Nb5 34. Kg2 Kd7 35. a4 Nc3 36. a5 Kc7 37. a6 Ne2 38. Kf3 Nc1 39. Ke4 Nb3 40. Kd5 Bb6 41. Ne5 Nxe5 42. Kxe5 Nd4 43. Nd6 Nf3+ 44. Kd5 Ng5 45. h4 Nf3 46. Nb5+ Kd7 47.
Nd6 Nd4 48. Ne4 Ne2 49. Nf6+ Ke7 50. Nxh7 Nxg3 51. Ng5 Nf5 52. Nf3 Bf2 53. h5 gxh5 54.
Ke5 Nh4 0-1

[Event "Late-Titled-Tuesday-Blitz-April-23-2024"]
[Site "Chess.com"]
[Date "2024.04.23"]
[Round "5"]
[White "N_I_Chess"]
[Black "Boorchess"]
[Result "1-0"]
[WhiteElo "2393"]
[BlackElo "2528"]
[TimeControl "180+1"]
[EndTime "14:57:18 PDT"]
[Termination "N_I_Chess won on time"]

1. d4 Nf6 2. c4 e6 3. Nc3 Bb4 4. Nf3 h6 5. e3 Bxc3+ 6. bxc3 d6 7. Bd3 c5 8. e4 Nc6 9. O-O e5 10. Bb2 b6 11. Nd2 g5 12. Bc2 Ne7 13. g3 Bh3 14. Re1 Ng6 15. Ba4+ Bd7 16. Nf1 O-O 17. Bxd7 Qxd7 18.
Qd3 Rac8 19. Ne3 Qh3 20. f3 Ne7 21. Re2 Rfd8 22. a4 a5 23. Ba3 Qe6 24. Rb1 Rb8 25. Reb2 Nd7 26. Nd5 Nxd5 27. cxd5 Qf6 28. dxc5 Nxc5 29.
Bxc5 dxc5 30. Kg2 h5 31. Qe3 Rd6 32. c4 Kh7 33. Kf2 Rg8 34. Ke2 Qh6 35. Rf1 Rgg6 36.
Kd3 Kg7 37. Rbf2 Rdf6 38. h3 h4 39. g4 Rf4 40. Rb1 Rgf6 41. Ke2 Kg8 42. Rff1 Qg7 43. Rb5 Qg6 44. Qb3 Rd6 45. Qe3 Qf6 46. Rfb1 Qd8 47. R1b3 1-0

[Event "Late-Titled-Tuesday-Blitz-April-23-2024"]
[Site "Chess.com"]
[Date "2024.04.23"]
[Round "5"]
[White "GianmarcoVaR"]
[Black "Sanyura"]
[Result "0-1"]
[WhiteElo "2810"]
[BlackElo "2646"]
[TimeControl "180+1"]
[EndTime "14:57:19 PDT"]
[Termination "Sanyura won on time"]

1. e4 c5 2. Nf3 e6 3. d4 cxd4 4. Nxd4 Nf6 5. Nc3 Nc6 6. Qd3 Bb4 7. Bd2 O-O 8. f4 d5 9. e5 Bxc3 10. Bxc3 Ne4 11. Be2 f6 12. O-O fxe5 13. Nxc6 Qb6+ 14. Nd4 Nxc3 15. bxc3 exd4 16. cxd4 Bd7 17.
Qe3 Rf6 18. Bd3 Qa5 19. c4 Rc8 20. c5 b6 21. Rfc1 Bb5 22. c6 Bxc6 23. Rc2 Bd7 24. Rac1 Rxc2 25. Rxc2 g6 26. Rc7 Rf7 27. h4 b5 28. Qe5 Qb6 29. h5 Be8 30. Rc8 Kf8 31. hxg6 hxg6 32. Bxg6 Qb7 33. Rxe8+ Kxe8 34. Qh8+ Ke7 35.
Bxf7 Qb6 36. Qe8+ Kf6 37. Qxe6+ Qxe6 38. Bxe6 Kxe6 39. Kf2 a5 40. Ke3 b4 41. Kd3 Kf5 42.
g3 a4 43. Kd2 Kg4 44. Kc2 Kf5 45. Kd3 Kg4 46. Kd2 Kf5 47. Kc2 Kg4 48. Kd3 Kf5 49. Ke3 b3 50. Kd3 bxa2 51. Kc3 a1=Q+ 52. Kb4 Qxd4+ 0-1

[Event "Late-Titled-Tuesday-Blitz-April-23-2024"]
[Site "Chess.com"]
[Date "2024.04.23"]
[Round "5"]
[White "Bugcrusher"]
[Black "PavelShkapenko"]
[Result "1-0"]
[WhiteElo "2514"]
[BlackElo "2741"]
[TimeControl "180+1"]
[EndTime "14:57:19 PDT"]
[Termination "Bugcrusher won by resignation"]

1. d4 d5 2. Nf3 Nf6 3. c4 dxc4 4. e3 Bg4 5. Bxc4 e6 6. Nc3 Nc6 7. h3 Bh5 8. g4 Bg6 9. Nh4 Be4 10. Nxe4 Nxe4 11.
Nf3 Bb4+ 12. Kf1 O-O 13. a3 Bd6 14. b4 e5 15. b5 Na5 16. Bd3 Nc3 17. Qc2 e4 18.
Bxe4 Nxe4 19. Qxe4 Qd7 20. a4 Rae8 21. Qf5 Qe6 22.
Qxe6 fxe6 23. Kg2 Re7 24. Nd2 e5 25. dxe5 Bxe5 26. Rb1 Rd8 27. Nf3 Bc3 28. Bb2 Bxb2 29. Rxb2 Nc4 30. Rc2 Nb6 31. a5 Nd5 32. Rd2 c6 33. bxc6 bxc6 34. Rhd1 Rf8 35. Nd4 Ref7 36. Nxc6 Rxf2+ 37. Rxf2 Nxe3+ 38. Kg3 Rxf2 39. Rd8+ Rf8 40.
Rxf8+ Kxf8 41. Nxa7 Nc4 42. a6 Nb6 43. Nc6 Ke8 44. a7 Kd7 45. Nd4 Kc7 46. Ne6+ Kb7 47. Nxg7 Kxa7 48. Kf4 Kb7 49. Kg5 Nd7 50. Kh6 Nf6 51. g5 Ne4 52. h4 Kc7 53. Kxh7 Kd7 54. Nh5 Ke6 55. Kg7 Kf5 56. g6 Nc5 57. Kf7 Nd3 58.
Ng3+ Kg4 59. g7 Ne5+ 60. Ke6 Nf3 61. g8=Q+ Kxh4 62. Nf5+ Kh5 63. Qg3 Ng5+ 64. Ke5 Kg6 65. Kf4 Kf6 66. Qxg5+ Ke6 67. Qe7+ Kd5 68. Qd6+ 1-0

[Event "Late-Titled-Tuesday-Blitz-April-23-2024"]
[Site "Chess.com"]
[Date "2024.04.23"]
[Round "5"]
[White "ZachHKL"]
[Black "nabukatnezarr"]
[Result "0-1"]
[WhiteElo "2287"]
[BlackElo "2615"]
[TimeControl "180+1"]
[EndTime "14:57:20 PDT"]
[Termination "nabukatnezarr won by resignation"]

1. e4 c6 2. d4 d5 3. exd5 cxd5 4.
Bd3 Nc6 5. c3 Nf6 6. h3 g6 7.
Qc2 Bg7 8. Nf3 O-O 9. O-O Nd7 10. Re1 e5 11. dxe5 Ndxe5 12. Nxe5 Nxe5 13. Bf1 Bf5 14. Qb3 Qd7 15. Rd1 Rad8 16. Bg5 f6 17. Be3 Be6 18. Qc2 a6 19. Nd2 Kh8 20. Nb3 Rfe8 21. Nc5 Qc6 22. Nxe6 Qxe6 23. Re1 Qc6 24. Bd4 Bf8 25. Rad1 Bc5 26.
Kh1 Kg7 27. Bxc5 Qxc5 28. Rd2 Nc6 29. Red1 Re5 30. Kg1 Rd7 31. Qb3 d4 32. cxd4 Nxd4 33. Qa4 Red5 34. Rd3 R5d6 35. b4 Qe5 36. Qa3 Nb5 37.
Rxd6 Rxd6 38. Qc1 Rxd1 39. Qxd1 Nd4 40. g3 b5 41. Bg2 h5 42. a3 h4 43. Kh2 Ne2 44.
Qd3 hxg3+ 45. fxg3 Nd4 46. Qc3 f5 47. Qc5 Qxc5 48. bxc5 Ne6 49. c6 Kf6 50. Bd5 Nc7 51. Bf3 Ke5 52. Kg2 Kd4 53. Kf2 a5 54. Ke2 Kc3 55.
Ke3 b4 56. Kf4 bxa3 57. Kg5 a2 58. Kxg6 a1=Q 59. h4 Qe1 60. h5 Qxg3+ 61. Kf6 Qxf3 62. h6 Qh5 63. h7 Qxh7 0-1

[Event "Late-Titled-Tuesday-Blitz-April-23-2024"]
[Site "Chess.com"]
[Date "2024.04.23"]
[Round "5"]
[White "karinachess1"]
[Black "jaramsdal"]
[Result "1-0"]
[WhiteElo "2596"]
[BlackElo "2247"]
[TimeControl "180+1"]
[EndTime "14:57:20 PDT"]
[Termination "karinachess1 won on time"]

1. d4 Nf6 2. c4 g6 3. Nc3 d5 4. h4 Bg7 5. h5 O-O 6. cxd5 Nxd5 7.
e4 Nxc3 8. bxc3 c5 9. Be3 cxd4 10. cxd4 Qa5+ 11. Qd2 Qxd2+ 12. Kxd2 Nc6 13. Ne2 Rd8 14. Rc1 Nxd4 15. Nxd4 Bxd4 16. Bxd4 Rxd4+ 17. Ke3 Ra4 18. Bc4 Bd7 19. Bb3 Rb4 20. Rc7 Ba4 21. Bd5 e6 22. Bxb7 Rb8 23. Ba6 Rb2 24. h6 Rxa2 25.
Rhc1 Rd8 26. Rc8 Rd2 27. e5 Kf8 28. R1c7 Rxc8 29. Rxc8+ Ke7 30. Rh8 Rd5 31. f4 g5 32.
g3 gxf4+ 33. gxf4 Bb5 34. Bxb5 Rxb5 35. Rxh7 Rb8 36. Rg7 Rh8 37. Rg1 Rxh6 38. Ra1 Rh3+ 39. Ke4 Rb3 40. Rxa7+ Kf8 41. Rc7 Kg7 42. Rc1 Rb4+ 43.
Kf3 Rb3+ 44. Kg4 Rb4 45. Rg1 Kf8 46. Kg5 Ke7 47. Ra1 Rb7 48. Ra8 Rc7 49. Kh6 Rd7 50. Kg7 Rc7 51. Rf8 Rc2 52. Rxf7+ Ke8 53. Kf6 Rc7 54.
Rxc7 1-0

[Event "Late-Titled-Tuesday-Blitz-April-23-2024"]
[Site "Chess.com"]
[Date "2024.04.23"]
[Round "5"]
[White "kripri"]
[Black "expii"]
[Result "1-0"]
[WhiteElo "2340"]
[BlackElo "2175"]
[TimeControl "180+1"]
[EndTime "14:57:21 PDT"]
[Termination "kripri won by checkmate"]

1. e4 c5 2. Nf3 d6 3. d4 cxd4 4.
Nxd4 Nf6 5. Nc3 g6 6. Be3 Bg7 7. f3 O-O 8. Qd2 Nc6 9. O-O-O d5 10. Nxc6 bxc6 11. Bh6 Be6 12. Bxg7 Kxg7 13. e5 Nd7 14. h4 h5 15. f4 Bf5 16. Bd3 e6 17. Bxf5 exf5 18. g3 Nc5 19. Qd4 Ne6 20. Qa4 Qb6 21.
Rhe1 Rab8 22. Qa3 Nc5 23. b3 Ne4 24. Nxe4 fxe4 25. Qe7 Qd8 26. Qc5 Qb6 27. Qd6 Rbc8 28. f5 Qd8 29. f6+ Kh7 30. Qc5 Qd7 31. Rxe4 Qf5 32. Re3 Rfe8 33. Qd4 c5 34. Qxd5 Rcd8 35. Qxd8 Rxd8 36. Rxd8 Qf1+ 37. Kb2 Qf2 38. Red3 c4 39.
bxc4 Qb6+ 40. Kc1 Qg1+ 41. Kb2 Qb6+ 42. Ka1 Qg1+ 43. Rd1 Qxg3 44. R8d5 Qxh4 45. c5 Qc4 46. Kb1 Qb4+ 47. Ka1 Qc3+ 48. Kb1 h4 49. R1d3 Qe1+ 50. Kb2 Qb4+ 51. Rb3 Qc4 52. Rd7 h3 53. c6 Qg4 54.
Rxf7+ Kg8 55. Re7 Qf5 56. Rb8+ Qc8 57. Rxc8# 1-0

[Event "Late-Titled-Tuesday-Blitz-April-23-2024"]
[Site "Chess.com"]
[Date "2024.04.23"]
[Round "5"]
[White "Thjop"]
[Black "chessdjw"]
[Result "0-1"]
[WhiteElo "2577"]
[BlackElo "2805"]
[TimeControl "180+1"]
[EndTime "14:57:23 PDT"]
[Termination "chessdjw won by resignation"]

1. e4 e5 2. Nf3 Nc6 3. Bb5 a6 4. Ba4 Nge7 5. O-O Ng6 6. c3 d5 7.
exd5 Qxd5 8. d4 Bg4 9. dxe5 O-O-O 10. Qxd5 Rxd5 11. Bb3 Bxf3 12. gxf3 Rxe5 13. Bxf7 Bc5 14. Nd2 Rf8 15. Bxg6 Rg5+ 16. Kh1 Rxg6 17. Ne4 Ba7 18. f4 Ne7 19. Be3 Bxe3 20. fxe3 Re6 21. Ng5 Rxe3 22. Rae1 Rxe1 23. Rxe1 Nd5 24. Ne6 Rf6 25. Re4 Kd7 26. Nc5+ Kc6 27. Nd3 Kd6 28. Kg2 c5 29. Kf3 Rh6 30.
Kg3 Rg6+ 31. Kf2 Rg4 32. h3 Rh4 33. Kg3 Rh6 34. c4 Rg6+ 35. Kf2 Nf6 36. Re5 b6 37.
b3 Rh6 38. Kg3 Nh5+ 39. Kf3 Nf6 40. Kg3 Nd7 41. Rg5 Re6 42. Kf3 g6 43. Rd5+ Ke7 44. Rg5 Kf6 45. Rd5 Ke7 46. Rg5 Rd6 47. Ke3 Nf6 48.
Re5+ Kf7 49. Nf2 Rd4 50. Nd3 Nh5 51. Rd5 Rxd5 52. cxd5 Nf6 53. Ne5+ Ke7 54. Nc6+ Kd6 55. Nb8 Nxd5+ 56. Ke4 Nb4 57. a3 Nc2 58. a4 Nb4 59.
h4 Kc7 60. h5 Kxb8 0-1